Map: Ice and Chrome LE

Players

Namshar - Winner!

  • Race: Zerg Zerg
  • League: Master
  • Spawn Location: 1:00

Vindicta

  • Race: Terran Terran
  • League: Master
  • Spawn Location: 7:00

Event: DreamHack SC2 Masters 2020 Summer North America

VOD

Have the link to the VOD?

Description

Time

  • Played on: July 3, 2020, 4:48 p.m.
  • Length: 12:24

All games in this series

Show
View Real Time Build Order
Export as new Build Order

Namshar Zerg - Winner!

Build Orders: Hatch First, Muta Ling Bane 

Get SALT Encoding   

  12  0:00  Drone  
  13  0:12  Overlord  
  13  0:17  Drone  
  14  0:30  Drone x2  
  16  0:47  Hatchery  
  15  0:50  Drone  
  15  0:54  Drone  
  17  0:57  Drone  
  18  1:08  Extractor  
  17  1:12  Spawning Pool  
  17  1:16  Drone  
  18  1:18  Drone  
  18  1:28  Drone  
  19  1:38  Drone  
  20  1:49  Drone  
  21  1:59  Queen x2  
  21  2:00  Zergling x4  
  27  2:12  Hatchery  
  26  2:18  Overlord  
  26  2:21  Drone  
  27  2:23  Drone  
  27  2:28  Metabolic Boost  
  27  2:37  Drone  
  27  2:38  Drone x2  
  31  2:44  Overlord, Drone  
  31  2:51  Queen  
  31  2:54  Drone  
  31  2:57  Drone  
  35  3:03  Drone  
  36  3:06  Drone  
  36  3:08  Drone x3  
  40  3:13  Queen  
  40  3:18  Drone  
  43  3:23  Overlord  
  43  3:27  Queen  
  43  3:29  Drone  
  43  3:31  Drone  
  43  3:32  Drone  
  48  3:37  Drone  
  49  3:44  Zergling x4  
  49  3:46  Overlord  
  49  3:47  Drone x2  
  49  3:48  Queen  
  55  3:54  Drone x2  
  57  4:05  Overlord x2  
  57  4:07  Drone x4  
  57  4:08  Drone  
  62  4:13  Overlord  
  62  4:15  Lair, Extractor  
  62  4:16  Extractor  
  60  4:19  Baneling Nest  
  60  4:23  Zergling x6  
  62  4:28  Spore Crawler x2, Drone  
  62  4:29  Drone  
  62  4:32  Drone  
  62  4:33  Queen  
  65  4:39  Drone  
  65  4:40  Drone x3  
  65  4:44  Drone  
  70  4:50  Overlord  
  70  4:51  Drone x4  
  74  4:54  Spore Crawler, Evolution Chamber  
  72  5:01  Evolution Chamber, Drone  
  72  5:13  Overlord  
  72  5:14  Extractor  
  71  5:15  Spire  
  71  5:16  Drone x7  
  77  5:24  Drone x6  
  77  5:27  Centrifical Hooks  
  83  5:38  Overlord  
  83  5:39  Drone x6  
  88  5:42  Extractor  
  88  5:43  Extractor  
  86  5:52  Zerg Ground Armor Level 1  
  86  5:53  Zerg Melee Weapons Level 1  
  85  5:59  Hatchery  
  85  6:03  Zergling x18  
  93  6:14  Zergling x12  
  99  6:21  Overlord x2  
  99  6:24  Zergling x6  
  102  6:26  Baneling x8  
  102  6:27  Baneling  
  102  6:30  Zerg Flyer Weapons Level 1  
  102  6:31  Overlord x2  
  102  6:35  Overseer  
  103  6:40  Drone x2  
  103  6:41  Mutalisk  
  103  6:42  Mutalisk x3  
  111  6:47  Extractor  
  111  6:48  Drone x2  
  111  6:52  Extractor  
  112  7:01  Drone x6  
  117  7:12  Drone x7  
  116  7:27  Mutalisk x5  
  116  7:28  Hatchery  
  125  7:35  Baneling x2  
  125  7:36  Baneling x8  
  125  7:48  Drone  
  125  7:49  Drone x7  
  133  7:52  Extractor  
  133  7:53  Zerg Ground Armor Level 2, Zerg Melee Weapons Level 2  
  133  7:56  Extractor  
  130  8:10  Spine Crawler, Drone x2  
  130  8:12  Spine Crawler, Drone x12  
  142  8:26  Mutalisk x2  
  143  8:29  Overlord x4  
  143  8:30  Zerg Flyer Weapons Level 2  
  143  8:32  Hatchery  
  142  8:40  Queen  
  144  8:42  Overlord x2  
  144  8:45  Extractor  
  144  8:47  Baneling, Extractor  
  144  8:48  Baneling x6  
  142  8:49  Mutalisk x7  
  142  8:55  Drone x3  
  159  8:56  Drone x3  
  159  9:02  Mutalisk  
  162  9:03  Mutalisk x4  
  162  9:07  Mutalisk x2  
  176  9:27  Hatchery  
  176  9:32  Hatchery  
  176  9:35  Hatchery, Mutalisk x8  
  191  9:51  Hatchery  
  183  10:02  Mutalisk x7  
  186  10:24  Drone  
  186  10:25  Mutalisk x5  
  186  10:26  Infestation Pit  
  196  10:36  Zergling x4  
  196  10:42  Overlord x2  
  193  10:56  Zergling x22  
  197  11:08  Mutalisk x5  
  197  11:09  Mutalisk  
  194  11:15  Zergling x14  
  192  11:27  Baneling x22  
  192  11:30  Mutalisk  
  192  11:31  Mutalisk x3  
  200  11:39  Spore Crawler  
  199  11:41  Spine Crawler  
  199  11:43  Baneling x12  
  189  11:58  Mutalisk x8  
Show
View Real Time Build Order
Export as new Build Order

Vindicta Terran 

Build Orders: Reaper Expand 

Get SALT Encoding   

  12  0:00  SCV  
  13  0:12  SCV  
  14  0:17  Supply Depot  
  14  0:24  SCV  
  15  0:39  SCV  
  15  0:40  Barracks  
  16  0:43  Refinery  
  16  0:51  SCV  
  17  1:03  SCV  
  18  1:15  SCV  
  19  1:28  Reaper, Orbital Command  
  20  1:41  Command Center  
  20  1:50  Supply Depot  
  20  1:53  SCV  
  21  1:59  Marine  
  22  2:05  SCV  
  23  2:15  Factory  
  23  2:17  SCV  
  23  2:21  Barracks Reactor  
  25  2:30  SCV  
  25  2:42  SCV  
  26  2:44  Command Center  
  26  2:52  Refinery  
  26  2:54  SCV  
  26  2:56  Orbital Command  
  27  3:07  Hellion  
  27  3:08  Hellion  
  32  3:13  SCV  
  32  3:17  Starport  
  32  3:20  Marine  
  32  3:22  SCV  
  32  3:25  SCV  
  35  3:32  Hellion  
  37  3:35  SCV  
  37  3:36  Hellion  
  37  3:38  SCV  
  41  3:43  Barracks Tech Lab  
  41  3:47  SCV  
  42  3:53  SCV  
  43  3:58  Fusion Core  
  43  3:59  SCV  
  43  4:01  Orbital Command  
  46  4:03  Hellion  
  46  4:06  SCV  
  46  4:07  Hellion  
  48  4:12  SCV  
  49  4:18  SCV  
  49  4:20  Supply Depot  
  50  4:26  SCV  
  50  4:28  Hellion  
  50  4:29  Hellion  
  50  4:30  SCV  
  56  4:31  SCV  
  57  4:41  SCV  
  57  4:42  Supply Depot  
  57  4:45  Battlecruiser  
  64  4:46  SCV  
  64  4:48  Refinery  
  64  4:50  Hellion, Refinery  
  67  4:54  Hellion  
  69  5:03  Supply Depot  
  69  5:04  SCV x3  
  72  5:13  Factory  
  72  5:14  Factory  
  72  5:16  SCV x2  
  72  5:17  Hellion  
  76  5:25  Hellion, Supply Depot  
  76  5:26  Supply Depot  
  78  5:29  Orbital Command  
  78  5:30  SCV  
  78  5:33  SCV  
  80  5:40  Factory x2  
  80  5:42  SCV  
  81  5:45  SCV  
  81  5:49  Hellion x2  
  86  5:54  SCV  
  86  5:55  SCV  
  88  5:58  Refinery, Factory Tech Lab x2  
  88  6:03  Refinery  
  88  6:05  Battlecruiser  
  88  6:06  SCV  
  88  6:08  SCV, Supply Depot  
  98  6:11  Hellion  
  98  6:13  Hellion  
  101  6:21  Supply Depot  
  101  6:22  Mag-Field Accelerator  
  101  6:23  Cyclone  
  103  6:26  Factory Reactor  
  103  6:27  Factory Tech Lab  
  103  6:31  Engineering Bay  
  103  6:35  Cyclone  
  103  6:39  SCV  
  107  6:40  SCV  
  108  6:48  Cyclone  
  108  6:50  Infernal Pre-Igniter  
  108  6:51  Hellion  
  108  6:52  SCV  
  108  6:54  SCV  
  116  6:59  Missile Turret  
  116  7:01  Supply Depot  
  116  7:02  Missile Turret  
  116  7:03  Cyclone, Missile Turret  
  116  7:06  SCV x2  
  116  7:07  SCV  
  118  7:18  SCV x2  
  118  7:19  SCV  
  118  7:20  Starport Reactor  
  118  7:22  Cyclone  
  122  7:26  Supply Depot  
  122  7:31  Armory  
  122  7:32  Armory  
  122  7:33  Cyclone  
  122  7:34  SCV  
  122  7:35  SCV  
  127  7:37  SCV  
  127  7:42  Cyclone  
  129  7:45  Widow Mine  
  129  7:46  SCV  
  129  7:47  SCV  
  129  7:49  SCV, Supply Depot  
  134  7:52  Hellion  
  134  7:57  Liberator  
  139  7:59  SCV  
  139  8:04  SCV  
  141  8:06  Supply Depot  
  141  8:10  Cyclone, Liberator  
  147  8:21  Command Center  
  147  8:24  Terran Ship Weapons Level 1, Terran Vehicle And Ship Armor Level 1  
  135  8:29  SCV, Sensor Tower  
  136  8:34  Cyclone  
  144  8:43  Cyclone  
  144  8:46  Supply Depot  
  144  8:47  Supply Depot  
  145  8:49  Widow Mine, Sensor Tower  
  145  8:54  Liberator  
  150  8:58  Neosteel Armor  
  150  8:59  Supply Depot  
  150  9:01  Widow Mine  
  149  9:05  Liberator  
  149  9:07  Widow Mine  
  149  9:09  SCV  
  155  9:11  SCV  
  155  9:15  Advanced Ballistics  
  155  9:17  Hellion x3  
  162  9:20  Hellion  
  162  9:22  Hellion  
  169  9:25  Supply Depot  
  169  9:28  Widow Mine  
  169  9:31  SCV  
  172  9:34  Refinery  
  172  9:36  Liberator  
  175  9:43  Refinery  
  170  9:46  SCV  
  170  9:48  SCV x2  
  170  9:52  Command Center  
  173  9:53  Cyclone  
  173  9:55  Sensor Tower  
  173  9:57  Cyclone  
  173  9:58  SCV  
  161  10:00  Hellion  
  161  10:02  SCV x2  
  161  10:05  Hellion  
  149  10:11  SCV  
  149  10:13  Drilling Claws  
  144  10:14  Planetary Fortress  
  148  10:24  SCV  
  148  10:25  SCV x2  
  147  10:29  Siege Tank  
  147  10:30  Hellion  
  152  10:36  Siege Tank  
  152  10:38  Hellion x2  
  152  10:42  Liberator  
  154  10:52  SCV x2  
  154  10:53  SCV  
  154  10:54  SCV  
  154  10:55  Cyclone  
  145  11:00  Liberator  
  145  11:01  Refinery  
  145  11:04  SCV  
  145  11:08  Orbital Command  
  128  11:13  SCV x3  
  132  11:18  Cyclone x2  
  124  11:27  Cyclone, Widow Mine  
  124  11:28  Liberator  
  124  11:31  SCV  
  124  11:32  SCV x2  
  134  11:38  SCV x2, Orbital Command  
  136  11:44  SCV x2  
  135  11:50  SCV, Cyclone x2  
  137  11:58  SCV  
  124  12:02  SCV  
  124  12:04  SCV  
  117  12:11  SCV x2  
Tags
 
Add a new tag
Caveats
  • Supply blocks, unpowered buildings, or Contaminate may cause inaccurate times.
  • Supply counts are checked every 10 seconds.